 Dungeon Crawl Stone Soup version 0.23.0 (webtiles) character file.

Game seed: 16767821265819626326

57547 Folque the Geomancer (level 14, -3/99 HPs)
             Began as a Yellow Draconian Earth Elementalist on Feb 18, 2019.
             Was a High Priest of Sif Muna.
             Slain by an eight-headed hydra (18 damage)
             ... on level 14 of the Dungeon.
             The game lasted 02:17:46 (26813 turns).

Folque the Geomancer (DrEE)                        Turns: 26813, Time: 02:17:46

Health: -3/99      AC: 10    Str: 11    XL:     14   Next: 46%
Magic:  22/29      EV: 15    Int: 21    God:    Sif Muna [*****.]
Gold:   1272       SH:  5    Dex: 11    Spells: 1/35 levels left

rFire    . . .     SeeInvis .   j - +4 dagger (flame)
rCold    . . .     Gourm    .   u - +0 buckler
rNeg     . . .     Faith    .   (armour unavailable)
rPois    .         Spirit   .   (helmet restricted)
rElec    .         Reflect  .   (no cloak)
rCorr    .         Harm     .   t - +1 pair of gloves
MR       +....                  (no boots)
Stlth    +++.......             (no amulet)
HPRegen  0.26/turn              (no ring)
MPRegen  0.21/turn              (no ring)

@: divine energy
A: spit acid, unfitting armour, acidic bite, cold-blooded, AC +8
a: Breathe Acid, Stop Divine Energy, Channel Magic, Forget Spell, Renounce
Religion


You were on level 14 of the Dungeon.
You worshipped Sif Muna.
Sif Muna was extremely pleased with you.
You were hungry.

You visited 3 branches of the dungeon, and saw 21 of its levels.
You also visited: Sewer.

You collected 1272 gold pieces.

Inventory:

Hand Weapons
 j - a +4 dagger of flaming (weapon)
 x - a +0 trident of holy wrath
 A - a +1 whip of venom
 I - the +3 falchion "Cufaciuf" {pain, rF- rC+ Str+4 Dex+2}
   (You found it on level 11 of the Dungeon)

   In the hands of one skilled in necromantic magic, it inflicts extra damage on
   living creatures.
   It affects your strength (+4).
   It affects your dexterity (+2).
   It makes you vulnerable to fire.
   It protects you from cold.
Missiles
 b - 308 stones (quivered)
Armour
 p - a +0 shield
 t - a +1 pair of gloves (worn)
 u - a +0 buckler (worn)
 Z - a +1 hat
Jewellery
 J - an uncursed ring of see invisible {unknown}
 T - an uncursed ring of protection from magic {unknown}
 V - a +4 ring of intelligence {unknown}
Wands
 h - a wand of polymorph (11)
 F - a wand of acid (6)
 P - a wand of disintegration (14)
Scrolls
 v - 9 scrolls of remove curse
 y - 3 scrolls of magic mapping
 z - 8 scrolls of identify
 C - 6 scrolls of amnesia
 D - 2 scrolls of enchant weapon
 E - a scroll of fear
 G - 3 scrolls of enchant armour
 N - 8 scrolls of teleportation
Potions
 a - 3 potions of mutation
 d - 6 potions of might
 g - 3 potions of agility
 i - 4 potions of brilliance {unknown}
 l - 2 potions of ambrosia
 m - 8 potions of curing
 r - 2 potions of lignification {unknown}
 w - 2 potions of magic {unknown}
 B - 4 potions of flight {unknown}
 L - 2 potions of haste {unknown}
 Q - a potion of berserk rage
Miscellaneous
 s - a box of beasts
 S - a sack of spiders
Comestibles
 c - 32 rations
 f - 2 chunks of flesh


   Skills:
 - Level 2.1 Fighting
 - Level 3.2 Short Blades
 + Level 7.1 Dodging
 - Level 5.0 Stealth
 + Level 5.2 Shields
 * Level 11.3 Spellcasting
 - Level 9.0 Conjurations
 * Level 1.2 Charms
 - Level 10.0 Necromancy
 - Level 4.1 Transmutations
 - Level 1.0 Fire Magic
 - Level 2.1 Air Magic
 + Level 11.9 Earth Magic
 - Level 2.0 Poison Magic
 - Level 8.5 Invocations


You had one spell level left.
You knew the following spells:

 Your Spells              Type           Power        Failure   Level  Hunger
a - Sandblast             Erth           ######       1%          1    None
b - Passwall              Tmut/Erth      #####...     1%          2    None
c - Stone Arrow           Conj/Erth      ######       1%          3    None
d - Lee's Rapid Deconstr  Erth           ######....   1%          5    ####...
e - Petrify               Tmut/Erth      #####...     1%          4    #......
f - Conjure Flame         Conj/Fire      ####....     2%          3    None
g - Mephitic Cloud        Conj/Pois/Air  ####....     2%          3    None
h - Animate Dead          Necr           N/A          1%          4    #......
i - Summon Butterflies    Summ           ##......     5%          1    None
j - Regeneration          Chrm/Necr      #####.....   1%          3    None
k - Dispel Undead         Necr           ######..     2%          5    ####...

Your spell library contained the following spells:

 Spells                   Type           Power        Failure   Level  Hunger
 Animate Skeleton         Necr           N/A          1%          1    None
 Flame Tongue             Conj/Fire      ####.        1%          1    None
 Magic Dart               Conj           ####         1%          1    None
 Pain                     Necr           ####         1%          1    None
 Shock                    Conj/Air       ####         1%          1    None
 Sting                    Conj/Pois      ####         1%          1    None
 Infusion                 Chrm           ###.         3%          1    None
 Apportation              Tloc           ##....       5%          1    None
 Searing Ray              Conj           #####.       1%          2    None
 Sublimation of Blood     Necr           ######....   1%          2    None
 Throw Frost              Conj/Ice       ####..       1%          2    None
 Static Discharge         Conj/Air       #####...     1%          3    None
 Vampiric Draining        Necr           ######....   1%          3    None
 Borgnjor's Vile Clutch   Necr/Erth      ######....   1%          5    ####...
 Dazzling Spray           Conj/Hex       ####..       2%          3    None
 Poisonous Vapours        Pois/Air       ###...       3%          2    None
 Bolt of Draining         Conj/Necr      ######....   3%          5    ####...
 Swiftness                Chrm/Air       ###.....     4%          2    None
 Leda's Liquefaction      Hex/Erth       #####.....   4%          4    #......
 Song of Slaying          Chrm           ###.....     5%          2    None
 Shroud of Golubria       Chrm/Tloc      ##........   7%          2    None
 Sticky Flame             Conj/Fire      ####....     7%          4    #......
 Bolt of Magma            Conj/Fire/Erth #####.....   8%          5    ####...
 Blink                    Tloc           N/A          9%          2    None
 Call Imp                 Summ           ##......     9%          2    None
 Slow                     Hex            ##......     9%          2    None
 Throw Icicle             Conj/Ice       ####....     9%          4    #......
 Iron Shot                Conj/Erth      ######....   12%         6    ######.
 Spectral Weapon          Hex/Chrm       ##......     13%         3    None
 Lightning Bolt           Conj/Air       #####.....   16%         5    ####...
 Venom Bolt               Conj/Pois      #####.....   16%         5    ####...
 Gell's Gravitas          Tloc           ##........   17%         3    None
 Lesser Beckoning         Tloc           ##........   17%         3    None
 Teleport Other           Tloc           ##......     17%         3    None
 Tukima's Dance           Hex            ##......     17%         3    None
 Airstrike                Air            ###.......   24%         4    #......
 Ice Form                 Ice/Tmut       ###.....     24%         4    #......
 Olgreb's Toxic Radiance  Pois           ###.....     24%         4    #......
 Summon Lightning Spire   Summ/Air       ###.....     36%         4    #......
 Alistair's Intoxication  Tmut/Pois      ###.....     41%         5    ####...
 Passage of Golubria      Tloc           N/A          50%         4    #......
 Bolt of Fire             Conj/Fire      ####......   73%         6    ######.
 Simulacrum               Ice/Necr       ####......   73%         6    ######.
 Bolt of Cold             Conj/Ice       ####......   80%         6    ######.
 Metabolic Englaciation   Hex/Ice        ##........   83%         5    ####...
 Summon Demon             Summ           ##........   83%         5    ####...
 Summon Mana Viper        Hex/Summ       ##......     83%         5    ####...
 Freezing Cloud           Conj/Ice/Air   ####......   88%         6    ######.
 Invisibility             Hex            ##......     100%        6    ######.
 Ozocubu's Refrigeration  Ice            ##........   100%        6    ######.
 Spellforged Servitor     Conj/Summ      ####......   100%        7    #######
 Death's Door             Chrm/Necr      #####.....   100%        8    #######
 Necromutation            Tmut/Necr      #####.....   100%        8    #######
 Glaciate                 Conj/Ice       ####......   100%        9    #######


Dungeon Overview and Level Annotations

Branches:
Dungeon (14/15)            Temple (1/1) D:6            Lair (6/6) D:9
 Shoals (0/4) Lair:2       Spider (0/4) Lair:3        Slime (0/5) Lair:5
    Orc (0/2) D:12
 Vaults: D:13-14

Altars:
Cheibriados
Dithmenos
Elyvilon
Fedhas
Gozag
Hepliaklqana
Makhleb
Nemelex Xobeh
Qazlal
Ru
Sif Muna
Trog
Uskayaw
Wu Jian
Xom
Zin
Beogh
Jiyva

Shops:
D:8 =   D:11 }

Portals:
Trove: D:11 (give 18 potions of curing)

Annotations:
D:5 2 runed translucent doors, kalagan's ghost, novice DEEE
Lair:6 1 runed translucent door, Vicugh's ghost, journeyman GrEE


Innate Abilities, Weirdness & Mutations

You can spit globs of acid.
Your golden yellow scales are hard. (AC +8)
You cannot fit into any form of body armour.
You have acidic saliva.
You are cold-blooded and may be slowed by cold attacks.


Message History

The eight-headed hydra misses you. The eight-headed hydra bites you!
A kobold demonologist comes into view. It is wielding a +0 dagger.
The kobold demonologist shouts!
The eight-headed hydra bites you but does no damage.
You block the eight-headed hydra's attack.
The eight-headed hydra completely misses you.
The eight-headed hydra bites you!!
* * * LOW HITPOINT WARNING * * *
The eight-headed hydra bites you.
* * * LOW HITPOINT WARNING * * *
The eight-headed hydra bites you.
* * * LOW HITPOINT WARNING * * *
The eight-headed hydra bites you!
* * * LOW HITPOINT WARNING * * *
The eight-headed hydra closely misses you.
The kobold demonologist hits you but does no damage.
You feel better.
The kobold demonologist casts a spell.
The eight-headed hydra bites you!!
You die...

##..# #...# #...# ##...#
#....##### ### #....#.##.
##.####...#.#.. ###
##....#....#.#..##..##
#......^<..#@##.#....#
##...#.....KD.##.##......
#...#.....#....#.# .####
##.....(...##..##..# #
#....##....##### ..#
##.....<...# .##
#.#.......# ##
.........#.# ........##.#


You could see an eight-headed hydra and a kobold demonologist.

Vanquished Creatures
  Snorg (D:13)
  Josephine (Lair:5)
  2 catoblepae (Lair:6)
  Erolcha (D:13)
  Harold (D:11)
  A centaur warrior (D:13)
  7 hydras
  A deep troll shaman (Lair:6)
  3 two-headed ogres
  3 death yaks (Lair:6)
  2 tengu warriors (D:11)
  A fire crab (shapeshifter) (D:13)
  A lindwurm (Lair:6)
  An orc knight (D:12)
  4 cyclopes
  4 oklob plants
  11 elephants
  2 ugly things
  4 black mambas
  Joseph (D:7)
  A torpor snail (Lair:3)
  8 spiny frogs
  4 komodo dragons
  2 rime drakes
  4 trolls
  A polar bear (Lair:6)
  2 hornets
  9 blink frogs
  3 hippogriffs
  A shadow (D:13)
  A spriggan (D:7)
  A redback (Lair:3)
  26 yaks
  A human (Lair:6)
  3 wyverns
  7 wraiths
  2 hogs (Lair:6)
  A steam dragon (D:12)
  4 hungry ghosts
  An acid dragon (D:13)
  8 water moccasins
  2 wargs (D:8)
  8 porcupines
  A soldier ant (D:13)
  7 orc warriors
  6 ice beasts
  3 sky beasts
  2 phantoms
  3 black bears
  2 necrophages
  4 ogres
  8 centaurs
  12 wolves
  21 crocodiles
  2 big kobolds
  14 bullfrogs
  A gnoll sergeant (D:10)
  5 scorpions
  3 killer bees (D:9)
  8 wights
  A howler monkey (D:10)
  A centaur zombie (D:5)
  3 jellies
  8 crimson imps
  A quasit (D:12)
  A bullfrog zombie (D:5)
  8 hounds
  3 bullfrog skeletons
  11 orc priests
  4 iguanas
  A centaur skeleton (D:12)
  8 orc wizards
  6 worker ants
  Natasha (thrice) (D:4)
  3 hound skeletons
  13 gnolls
  A river rat (Sewer)
  18 adders
  4 shadow imps
  An ooze (D:3)
  An adder zombie (D:6)
  An adder skeleton (D:4)
  3 worms
  2 dart slugs
  9 leopard geckos
  66 orcs
  A ball python (D:3)
  6 bats
  10 giant cockroaches
  8 goblins
  10 hobgoblins
  7 jackals
  19 kobolds
  5 quokkas
  5 frilled lizards
  A leopard gecko skeleton (D:4)
  A quokka skeleton (D:7)
  8 rats
  4 fungi
  A plant (Lair:6)
521 creatures vanquished.

Vanquished Creatures (collateral kills)
  2 death yaks (Lair:6)
  2 elephants (Lair:6)
  3 black mambas
  3 spiny frogs (Lair:6)
  4 komodo dragons
  A polar bear (Lair:6)
  2 blink frogs
  2 hippogriffs
  6 yaks
  A basilisk (Lair:1)
  A warg (D:12)
  A water moccasin (Lair:2)
  3 porcupines
  A centaur (Lair:2)
  A wolf (Lair:3)
  A crocodile (Lair:1)
  A wyvern zombie (D:13)
  2 orc priests (D:12)
  2 orcs (D:12)
  5 fungi
  6 plants
50 creatures vanquished.

Vanquished Creatures (others)
  Kirke (Lair:6)
  A water moccasin (D:13)
  2 bushes
  13 fungi
  15 plants
32 creatures vanquished.

Grand Total: 603 creatures vanquished

Notes
Turn   | Place    | Note
-------+----------+-------------------------------------------
     0 | D:1      | Folque the Draconian Earth Elementalist began the quest for
                  | the Orb.
     0 | D:1      | Reached XP level 1. HP: 14/14 MP: 3/3
   152 | D:1      | Reached skill level 1 in Fighting
   152 | D:1      | Reached XP level 2. HP: 8/23 MP: 0/5
   211 | D:1      | Learned a level 2 spell: Passwall
   760 | D:2      | Reached XP level 3. HP: 25/29 MP: 3/6
   837 | D:2      | You fall through a shaft for 2 floors!
   847 | D:4      | Reached XP level 4. HP: 34/36 MP: 3/8
   855 | D:4      | Learned a level 3 spell: Stone Arrow
  1189 | D:2      | Reached skill level 1 in Conjurations
  1861 | D:3      | Reached XP level 5. HP: 22/41 MP: 9/9
  2173 | D:3      | Found a snail-covered altar of Cheibriados.
  2752 | D:3      | Learned a level 5 spell: Lee's Rapid Deconstruction
  2902 | D:4      | Noticed Natasha
  2904 | D:4      | Killed Natasha
  2904 | D:4      | Reached XP level 6. HP: 42/48 MP: 5/12
  2983 | D:4      | Noticed Natasha
  2990 | D:4      | Killed Natasha
  3239 | D:4      | Reached skill level 5 in Earth Magic
  3595 | D:4      | Noticed Natasha
  3609 | D:4      | Killed Natasha
  3970 | D:4      | Found a glowing silver altar of Zin.
  4073 | D:5      | Entered Level 5 of the Dungeon
  4091 | D:5      | Your scales start taking on a golden yellow colour.
  4091 | D:5      | Reached XP level 7. HP: 55/55 MP: 5/13
  4421 | D:5      | Found a runed translucent door.
  4428 | D:5      | Noticed kalagan's ghost (novice DEEE)
  4667 | D:5      | Learned a level 4 spell: Petrify
  4772 | D:5      | Reached skill level 5 in Spellcasting
  4772 | D:5      | Reached XP level 8. HP: 61/61 MP: 6/15
  5012 | D:5      | Found a runed translucent door.
  5339 | D:6      | Found a glowing drain.
  5343 | Sewer    | Entered a sewer
  5370 | Sewer    | Learned a level 3 spell: Conjure Flame
  5453 | Sewer    | Found a white marble altar of Elyvilon.
  5542 | D:6      | Reached skill level 1 in Fire Magic
  5785 | D:6      | Found a shimmering altar of Xom.
  5950 | D:6      | Found a staircase to the Ecumenical Temple.
  5956 | Temple   | Entered the Ecumenical Temple
  5991 | Temple   | Became a worshipper of Sif Muna the Loreminder
  6303 | D:7      | Reached XP level 9. HP: 17/67 MP: 0/18
  6555 | D:7      | Reached skill level 5 in Conjurations
  6679 | D:7      | Noticed Joseph
  6695 | D:7      | Killed Joseph
  6695 | D:7      | Reached skill level 5 in Dodging
  7378 | D:8      | Reached * piety under Sif Muna
  7388 | D:8      | Found the +3 robe of Folly {Archmagi, MR-- Int+5}
  7447 | D:8      | Found an ornate altar of the Wu Jian Council.
  7464 | D:8      | Found a hazy altar of Hepliaklqana.
  7934 | D:8      | Found a sparkling altar of Nemelex Xobeh.
  8186 | D:8      | Found Etties's Jewellery Shoppe.
  8366 | D:8      | Found a roughly hewn altar of Beogh.
  8435 | D:8      | Found a blossoming altar of Fedhas.
  8437 | D:8      | Noticed an oklob plant
  8457 | D:8      | Killed an oklob plant
  8457 | D:8      | Reached skill level 1 in Short Blades
  8457 | D:8      | Reached XP level 10. HP: 45/73 MP: 0/19
  8458 | D:8      | Noticed an oklob plant
  8602 | D:8      | Killed an oklob plant
  8859 | D:9      | Paralysed by a hornet for 2 turns
  8864 | D:9      | Reached ** piety under Sif Muna
  8864 | D:9      | Reached skill level 5 in Stealth
  9255 | D:9      | Learned a level 3 spell: Mephitic Cloud
  9440 | D:8      | Reached skill level 1 in Poison Magic
  9567 | D:8      | Reached skill level 1 in Air Magic
  9826 | D:9      | Found a staircase to the Lair.
 10244 | D:10     | Entered Level 10 of the Dungeon
 10281 | D:10     | Reached *** piety under Sif Muna
 10846 | D:10     | Reached XP level 11. HP: 79/79 MP: 11/20
 11194 | D:10     | Reached skill level 1 in Shields
 11390 | D:10     | Noticed a two-headed ogre
 11407 | D:10     | Killed a two-headed ogre
 11407 | D:10     | Reached skill level 1 in Invocations
 11673 | D:11     | Found Net Eff's Gadget Boutique.
 11673 | D:11     | Noticed Harold
 11685 | D:11     | Killed Harold
 11702 | D:11     | Noticed a six-headed hydra
 11832 | D:11     | Noticed a tengu warrior
 11832 | D:11     | Noticed a tengu warrior
 11834 | D:11     | Noticed a cyan ugly thing
 11946 | D:11     | Found a portal to a secret trove of treasure.
 11970 | D:11     | Noticed a two-headed ogre
 11994 | D:11     | Killed a two-headed ogre
 12061 | D:11     | Killed a six-headed hydra
 12310 | D:11     | Killed a tengu warrior
 12495 | D:11     | Killed a tengu warrior
 12495 | D:11     | Reached **** piety under Sif Muna
 12883 | D:11     | Killed a cyan ugly thing
 13009 | D:11     | Got a crystal falchion
 13010 | D:11     | Identified the +3 falchion "Cufaciuf" {pain, rF- rC+ Str+4
                  | Dex+2} (You found it on level 11 of the Dungeon)
 13039 | D:11     | Reached skill level 5 in Invocations
 13465 | D:12     | Noticed an orc knight
 13491 | D:12     | Killed an orc knight
 13526 | D:12     | Learned a level 4 spell: Animate Dead
 13598 | D:12     | Found a staircase to the Orcish Mines.
 13626 | D:12     | Reached XP level 12. HP: 78/85 MP: 9/24
 14020 | D:12     | Reached skill level 1 in Necromancy
 14886 | D:13     | Noticed a four-headed hydra
 15270 | D:12     | Killed a four-headed hydra
 15427 | D:13     | Noticed a centaur warrior
 15441 | D:13     | Noticed Erolcha
 15539 | D:13     | Killed a centaur warrior
 16093 | D:13     | Reached ***** piety under Sif Muna
 16196 | D:13     | Killed Erolcha
 16196 | D:13     | Identified Sif Muna's Almanac of Lethal Dark Rituals (Sif
                  | Muna gifted it to you on level 13 of the Dungeon)
 16196 | D:13     | Received a gift from Sif Muna
 16430 | D:13     | Noticed an ogre mage
 17103 | Lair:1   | Entered Level 1 of the Lair of Beasts
 17138 | Lair:1   | Learned a level 1 spell: Summon Butterflies
 18221 | Lair:2   | Reached skill level 5 in Necromancy
 18221 | Lair:2   | Reached skill level 10 in Earth Magic
 18491 | Lair:2   | Noticed a seven-headed hydra
 18521 | Lair:2   | Killed a seven-headed hydra
 18554 | Lair:2   | Found a staircase to the Shoals.
 19088 | Lair:2   | Reached XP level 13. HP: 84/91 MP: 18/26
 19571 | Lair:3   | You fall through a shaft for 3 floors!
 19571 | Lair:6   | Entered Level 6 of the Lair of Beasts
 19585 | Lair:6   | Reached skill level 10 in Spellcasting
 19727 | Lair:6   | Found a runed translucent door.
 19729 | Lair:6   | Noticed Vicugh's ghost (journeyman GrEE)
 21283 | Lair:6   | Noticed Kirke
 21287 | Lair:6   | Killed Kirke
 21533 | Lair:6   | Identified Sif Muna's Guide on Sinister Rituals and Flames
                  | (Sif Muna gifted it to you on level 6 of the Lair of
                  | Beasts)
 21533 | Lair:6   | Received a gift from Sif Muna
 22201 | Lair:6   | Identified the Collected Works on Conjuration and
                  | Companions
 22220 | Lair:6   | Learned a level 3 spell: Regeneration
 23089 | Lair:5   | Found a staircase to the Slime Pits.
 23102 | Lair:5   | Gained mutation: You have acidic saliva. [Yellow Draconian
                  | growth]
 23102 | Lair:5   | Reached XP level 14. HP: 99/99 MP: 15/28
 23112 | Lair:5   | Noticed Josephine
 23122 | Lair:5   | Killed Josephine
 23152 | Lair:5   | Found a viscous altar of Jiyva.
 23262 | Lair:5   | Learned a level 5 spell: Dispel Undead
 23520 | Lair:5   | Reached skill level 10 in Necromancy
 23913 | Lair:4   | Found an opulent altar of Gozag.
 24123 | Lair:4   | Identified the Grimoire of Sinister Rituals and the Birds
 25153 | Lair:3   | Identified Reemi's Volume of Lethal Stones (Sif Muna gifted
                  | it to you on level 3 of the Lair of Beasts)
 25153 | Lair:3   | Received a gift from Sif Muna
 25243 | Lair:3   | Found a runed translucent door.
 25474 | Lair:3   | Found a hole to the Spider Nest.
 25745 | Lair:3   | Reached skill level 5 in Shields
 26246 | D:14     | Noticed Snorg
 26262 | D:14     | HP: 2/99 [Snorg (18)]
 26522 | D:13     | Killed Snorg
 26522 | D:13     | Reached skill level 1 in Charms
 26813 | D:14     | Slain by an eight-headed hydra

Skill      XL: |  1  2  3  4  5  6  7  8  9 10 11 12 13 14 |
---------------+-------------------------------------------+-----
Fighting       | 1 2 |  2.1
Spellcasting   | 3 4 5 6 8 9 10 11 | 11.3
Conjurations   | 1 2 3 4 6 8 9 |  9.0
Earth Magic    | 4 5 6 7 9 10 11 | 11.9
Dodging        | 2 3 4 5 6 7 |  7.1
Transmutations | 3 4 |  4.1
Fire Magic     | 1 |  1.0
Stealth        | 4 5 |  5.0
Short Blades   | 1 3 |  3.2
Poison Magic   | 2 |  2.0
Air Magic      | 2 |  2.1
Shields        | 4 5 |  5.2
Invocations    | 5 8 |  8.5
Necromancy     | 5 9 10 | 10.0
Charms         | 1 |  1.2

Action                   |  1- 3 |  4- 6 |  7- 9 | 10-12 | 13-15 || total
-------------------------+-------+-------+-------+-------+-------++-------
Melee: Unarmed           |    35 |       |       |       |       ||    35
       Tailslap          |     7 |    12 |    19 |    32 |    21 ||    91
       Hand axe          |    47 |   133 |       |       |       ||   180
       Dagger            |       |    27 |   215 |   295 |   142 ||   679
       Trident           |       |     6 |       |       |       ||     6
       Falchion          |       |       |       |    12 |       ||    12
       Bite              |       |       |       |       |     4 ||     4
 Cast: Sandblast         |     9 |    34 |    89 |    94 |    95 ||   321
       Stone Arrow       |       |    24 |    78 |   136 |   141 ||   379
       Passwall          |       |     2 |     3 |     2 |     1 ||     8
       Lee's Rapid Decon |       |     1 |     9 |    45 |    57 ||   112
       Petrify           |       |       |     8 |    73 |    24 ||   105
       Conjure Flame     |       |       |       |    10 |    11 ||    21
       Animate Dead      |       |       |       |    24 |    45 ||    69
       Mephitic Cloud    |       |       |       |     5 |     4 ||     9
       Regeneration      |       |       |       |       |     4 ||     4
Invok: Divine Energy     |       |       |     2 |       |       ||     2
       Stop Divine Energ |       |       |     1 |       |       ||     1
       Channel Magic     |       |       |       |       |     2 ||     2
 Abil: Breathe Acid      |       |       |     1 |     4 |     5 ||    10
Evoke: Wand              |       |       |       |     2 |       ||     2
  Use: Scroll            |     6 |     7 |     5 |     8 |    12 ||    38
       Potion            |       |       |     4 |     4 |     4 ||    12
 Stab: Sleeping          |     2 |     5 |     2 |     6 |     1 ||    16
       Petrified         |       |       |    14 |    93 |    21 ||   128
       Distracted        |       |       |       |     1 |     1 ||     2
       Confused          |       |       |       |     1 |       ||     1
  Eat: Chunk             |       |    13 |    18 |    41 |    20 ||    92
       Ration            |       |       |     2 |     5 |     5 ||    12
Armor: Skin              |    37 |    56 |    76 |    78 |    59 ||   306
Dodge: Dodged            |    79 |   115 |   161 |   244 |   169 ||   768
Block: Buckler           |       |       |       |    16 |    60 ||    76
       Rpst.: Falchion   |       |       |       |     3 |       ||     3
